 Dungeon Crawl Stone Soup version 0.29.1-15-g9cfb28693d (webtiles) character file.

Game seed: 1189110769307383692

1705 protoss039 the Sneak (level 9, 0/38 (45) HPs)
             Began as a Vine Stalker Enchanter on Mar 26, 2023.
             Was a Follower of Dithmenos.
             Slain by a necrophage (2 damage)
             ... on level 5 of the Dungeon.
             The game lasted 00:13:57 (4843 turns).

protoss039 the Sneak (Vine Stalker Enchanter)       Turns: 4843, Time: 00:13:57

HP:   0/38 (45)     AC:  3    Str: 11    XL:     9   Next: 3%
MP:   0/15          EV: 13    Int: 15    God:    Dithmenos [*.....]
Gold: 339           SH:  0    Dex: 19    Spells: 4/15 levels left

rFire   . . .      SeeInvis .   g - +2 dagger (venom)
rCold   . . .      Faith    .   (no shield)
rNeg    . . .      Spirit   +   b - +0 robe
rPois   .          Reflect  .   u - +0 helmet
rElec   .          Harm     .   (no cloak)
rCorr   .          Rampage  .   (no gloves)
Will    +....                   (no boots)
Stlth   ++++......              (no amulet)
HPRegen 0.92/turn               (no ring)
MPRegen 0.14/turn               (no ring)

@: confusing by touch, wreathed by umbra, heavily drained
A: fangs 3, regeneration 1, magic shield, antimagic bite, no potion heal 2
a: Renounce Religion


You were on level 5 of the Dungeon.
You worshipped Dithmenos.
Dithmenos was aware of your devotion.
You visited 1 branch of the dungeon, and saw 6 of its levels.
You also visited: Sewer.

You collected 339 gold pieces.

Inventory:

Hand Weapons
 g - a +2 dagger of venom (weapon)
 i - a +2 spear of venom
 l - the +3 dagger of Uruud {elec, rF+ Will+ Str+3}
   (You found it on level 3 of the Dungeon)

   It occasionally discharges a powerful burst of electricity upon striking a
   foe.
   Str:       It affects your strength (+3).
   rF:        It protects you from fire.
   Will:      It increases your willpower.
Missiles
 k - a throwing net (quivered)
Armour
 a - a +0 ring mail
 b - a +0 robe (worn)
 u - a +0 helmet (worn)
Wands
 n - a wand of roots (11)
 x - a wand of polymorph (7)
 z - a wand of flame (25)
Scrolls
 d - a scroll of fear
 e - a scroll of identify
 f - 2 scrolls of torment
 o - a scroll of enchant weapon {unknown}
 q - a scroll of butterflies {unknown}
 r - a scroll of vulnerability {unknown}
 v - a scroll of summoning {unknown}
 w - a scroll of brand weapon {unknown}
 y - a scroll of amnesia {unknown}
 A - a scroll of poison {unknown}
Potions
 c - a potion of invisibility
 h - 2 potions of mutation
 j - a potion of curing
 m - 3 potions of resistance
 p - 2 potions of haste
 s - a potion of lignification
 t - 2 potions of brilliance


   Skills:
 * Level 4.3 Fighting
 - Level 3.0 Short Blades
 + Level 2.2 Armour
 + Level 3.2 Dodging
 * Level 7.1 Stealth
 + Level 3.9 Spellcasting
 + Level 3.9 Hexes
 - Level 3.0 Ice Magic
 * Level 3.0 Invocations
 + Level 1.7 Evocations


You had 4 spell levels left.
You knew the following spells:

 Your Spells              Type           Power      Damage    Failure   Level
a - Ensorcelled Hibernat  Hex/Ice        26%        N/A       7%          2
b - Confusing Touch       Hex            14%        N/A       11%         3
c - Tukima's Dance        Hex            14%        N/A       11%         3
d - Dazzling Flash        Conj/Hex       16%        N/A       24%         3

Your spell library contained the following spells:

 Spells                   Type           Power      Damage    Failure   Level
 Magic Dart               Conj           8%         1d3       19%         1
 Call Imp                 Summ           2%         N/A       28%         2
 Mephitic Cloud           Conj/Pois/Air  2%         N/A       50%         3


Dungeon Overview and Level Annotations

Branches:
Dungeon (6/15) Zot: 26956  Temple (0/1) D:5           Sewer (visited)

Altars:
Ashenzari
Dithmenos
Makhleb
Yredelemnul
Zin
The Shining One


Innate Abilities, Weirdness & Mutations

You have razor-sharp teeth.
Your natural rate of healing is unusually fast.
When hurt, damage is shared between your health and your magic reserves.
Your bite disrupts and absorbs the magic of your enemies.
Potions cannot restore your health.


Message History

The necrophage hits you but does no damage.
You climb upwards.
There is a stone staircase leading down here.
Unknown command.
Casting: Confusing Touch (dangerous; 11% risk of failure)
Confirm with . or Enter, or press ? or * to list all spells.
You don't have enough magic to cast this spell.
Unknown command.
Casting: Confusing Touch (dangerous; 11% risk of failure)
Confirm with . or Enter, or press ? or * to list all spells.
You don't have enough magic to cast this spell.
Casting: Confusing Touch (dangerous; 11% risk of failure)
Confirm with . or Enter, or press ? or * to list all spells.
Your hands begin to glow red.
The necrophage hits you.
* * * LOW HITPOINT WARNING * * *
You hit the necrophage but do no damage.
The necrophage is lightly damaged.
The necrophage hits you.
* * * LOW HITPOINT WARNING * * *
Unknown command.
You hit the necrophage but do no damage.
The necrophage is lightly damaged.
The necrophage closely misses you.
Unknown command.
You hit the necrophage but do no damage.
You bite the necrophage. You drain its power.
You feel invigorated.
The necrophage is lightly damaged.
The necrophage hits you.
* * * LOW HITPOINT WARNING * * *
You feel drained.
* * * LOW HITPOINT WARNING * * *
Unknown command.
The necrophage attacks as you move away!
The necrophage barely misses you.
You hit the necrophage but do no damage.
The necrophage is lightly damaged.
The necrophage hits you.
* * * LOW HITPOINT WARNING * * *
You feel drained.
You die...

#..##..#...††..[..'.).
#..##..#....#.....#...
#..##..#....#######...
#......#..............
#....#.#..............
######....#.########'######
##...#...##.................
##.........#.##.###........[.
#...........@##.###..........
#............n#.#.....#.#####
#.......................###
##..................#....<###
##...#.......#.....###......
######......#.....# ###....
#......#.....#######..
#......#.....>........
#......#.....###......


You could see a necrophage.

Vanquished Creatures
  A water moccasin (D:5)
  2 black bears (D:5)
  An ice beast (D:6)
  2 ogres
  A centaur (D:5)
  3 phantoms
  4 scorpions (D:5)
  A killer bee (D:5)
  2 orc priests (D:3)
  2 hounds
  5 iguanas
  An orc wizard (D:3)
  8 adders
  10 gnolls
  4 river rats
  An ufetubus (D:4)
  5 worms
  2 dart slugs
  2 orcs (D:3)
  10 ball pythons
  8 bats
  5 endoplasms
  8 giant cockroaches
  14 goblins
  4 hobgoblins
  9 kobolds
  2 quokkas
  2 frilled lizards
  7 rats
  2 butterflies (D:5)
128 creatures vanquished.

Vanquished Creatures (others)
  A dancing weapon (D:6)
1 creature vanquished.

Grand Total: 129 creatures vanquished

Notes
Turn   | Place    | Note
-------+----------+-------------------------------------------
     0 | D:1      | protoss039 the Vine Stalker Enchanter began the quest for
                  | the Orb.
     0 | D:1      | Reached XP level 1. HP: 9/9 MP: 4/4
   147 | D:1      | Reached skill level 1 in Short Blades
   280 | D:1      | Reached XP level 2. HP: 9/14 MP: 6/6
   424 | D:2      | Learned a level 2 spell: Ensorcelled Hibernation
   599 | D:1      | You fall into a shaft and drop 1 floor!
   731 | D:1      | Reached skill level 1 in Fighting
  1152 | D:1      | Reached XP level 3. HP: 3/18 MP: 2/7
  1565 | D:2      | Reached skill level 4 in Stealth
  1843 | D:1      | Gained mutation: Your natural rate of healing is unusually
                  | fast. [Vine Stalker growth]
  1843 | D:1      | Reached XP level 4. HP: 18/22 MP: 6/8
  2121 | D:2      | Learned a level 3 spell: Confusing Touch
  2142 | D:3      | Reached skill level 1 in Ice Magic
  2142 | D:3      | Reached XP level 5. HP: 26/26 MP: 7/10
  2194 | D:3      | Noticed an ogre
  2309 | D:3      | Found a faded altar of an unknown god.
  2327 | D:3      | Identified the +3 dagger of Uruud {elec, rF+ Will+ Str+3}
  2389 | D:3      | Reached XP level 6. HP: 10/32 MP: 2/11
  2490 | D:3      | Reached skill level 5 in Stealth
  2524 | D:3      | Found a glowing drain.
  2534 | Sewer    | Entered a sewer
  2749 | Sewer    | Reached skill level 1 in Armour
  2857 | D:3      | Learned a level 3 spell: Tukima's Dance
  3527 | D:4      | Found a glowing golden altar of the Shining One.
  3538 | D:4      | Found a basalt altar of Yredelemnul.
  3553 | D:4      | Found a glowing silver altar of Zin.
  3583 | D:4      | Reached XP level 7. HP: 30/36 MP: 5/12
  3679 | D:4      | Found a burning altar of Makhleb.
  4057 | D:4      | Found a shadowy altar of Dithmenos.
  4065 | D:4      | Became a worshipper of Dithmenos the Shadowed
  4114 | D:5      | Entered Level 5 of the Dungeon
  4118 | D:5      | Found a staircase to the Ecumenical Temple.
  4170 | D:5      | Reached skill level 6 in Stealth
  4170 | D:5      | Reached skill level 1 in Invocations
  4254 | D:5      | Reached skill level 1 in Evocations
  4254 | D:5      | Gained mutation: You have razor-sharp teeth. [Vine Stalker
                  | growth]
  4254 | D:5      | Reached XP level 8. HP: 25/40 MP: 12/14
  4392 | D:5      | Found a runed translucent door.
  4393 | D:5      | Found a runed translucent door.
  4635 | D:5      | Found a broken altar of Ashenzari.
  4713 | D:5      | Reached * piety under Dithmenos
  4714 | D:5      | Reached skill level 7 in Stealth
  4798 | D:5      | Learned a level 3 spell: Dazzling Flash
  4810 | D:6      | Reached XP level 9. HP: 45/45 MP: 11/15
  4837 | D:5      | HP: 2/40 [necrophage (1)]
  4843 | D:5      | HP: 2/40 [necrophage (5)]
  4843 | D:5      | Slain by a necrophage

Illustrated notes

Levels and vault maps discovered:
D:1:      dpeg_arrival_rooms_a, layout_loops_cross, serial_bayou_pond_e
D:2:      layout_rooms
D:3:      cheibrodos_pilgrimage, layout_basic, lightli_sewer_entry_pipes,
          ebering_ecumenical_altar_ruins, minmay_ogre_servants
D:4:      layout_gridville, grunt_dithmenos_smoke,
          nicolae_overflow_quartered_altars
D:5:      lemuel_insect_pit, layout_rooms, lemuel_doored_altar,
          minmay_temple_entry_drinking_statues
D:6:      layout_loops_ring, ebering_ghost_sewer_d, hex_tiny, uniq_edmund,
          uniq_grinder, uniq_eustachio

Skill      XL: |  1  2  3  4  5  6  7  8 |
---------------+-------------------------+-----
Short Blades   | 1 2 3 |  3.0
Fighting       | 1 2 3 4 |  4.3
Stealth        | 4 5 6 7 |  7.1
Dodging        | 2 3 |  3.2
Ice Magic      | 1 2 3 |  3.0
Spellcasting   | 3 |  3.9
Armour         | 1 2 |  2.2
Invocations    | 1 3 |  3.0
Evocations     | 1 |  1.7
Hexes          | |  3.9

Action                   |  1- 3 |  4- 6 |  7- 9 || total
-------------------------+-------+-------+-------++-------
Melee: Dagger            |    68 |   155 |   103 ||   326
       Bite              |    14 |    43 |    31 ||    88
       Punch             |       |     4 |     2 ||     6
 Cast: Ensorcelled Hiber |     2 |    19 |    17 ||    38
       Confusing Touch   |       |     1 |     6 ||     7
       Tukima's Dance    |       |       |     1 ||     1
Evoke: Wand              |       |       |     2 ||     2
  Use: Scroll            |     3 |     5 |     2 ||    10
       Potion            |     1 |       |       ||     1
 Stab: Sleeping          |     5 |    14 |    13 ||    32
       Confused          |       |     1 |     1 ||     2
       Distracted        |       |     1 |       ||     1
Armor: Robe              |    18 |     9 |    16 ||    43
       Ring mail         |     6 |     6 |       ||    12
Dodge: Dodged            |    56 |    82 |    72 ||   210
